 Dungeon Crawl Stone Soup version 0.27.1-33-g824d729ab1 (webtiles) character file.

Game seed: 17397559989699823033

93 walnutcon the Changer (level 4, -1/24 HPs)
             Began as a Deep Elf Transmuter on Dec 15, 2021.
             Killed by divine providence
             ... invoked by an orc priest
              (11 damage)
             ... on level 3 of the Dungeon.
             The game lasted 00:14:56 (2486 turns).

walnutcon the Changer (Deep Elf Transmuter)         Turns: 2486, Time: 00:14:57

Health: -1/24      AC:  2    Str: 13    XL:     4   Next: 36%
Magic:  8/10       EV: 20    Int: 19    God:
Gold:   130        SH:  0    Dex: 20    Spells: 3/9 levels left

rFire    . . .     SeeInvis .     - Unarmed
rCold    . . .     Faith    .   (shield currently unavailable)
rNeg     . . .     Spirit   .   (armour currently unavailable)
rPois    x         Reflect  .   (helmet currently unavailable)
rElec    .         Harm     .   (cloak currently unavailable)
rCorr    .         Rampage  .   (gloves currently unavailable)
Will     .....                  (boots currently unavailable)
Stlth    ++........             (no amulet)
HPRegen  0.08/turn              d - +6 ring of strength
MPRegen  0.12/turn              g - ring of wizardry

@: spider-form
A: venomous fangs, tiny
a: End Transformation


You were on level 3 of the Dungeon.
You were a venomous arachnid creature.
You visited 1 branch of the dungeon, and saw 3 of its levels.

You collected 130 gold pieces.

Inventory:

Missiles
 c - 16 poisoned darts (quivered)
Armour
 a - a +0 robe (melded)
Jewellery
 d - a +6 ring of strength (left front leg)
 g - a ring of wizardry (right front leg)
Wands
 i - a wand of iceblast (8)
Scrolls
 b - a scroll of teleportation {unknown}
 e - a scroll of enchant armour {unknown}
 f - a scroll of immolation {unknown}
 h - a scroll of brand weapon


   Skills:
 - Level 0.7 Fighting
 - Level 2.4 Dodging
 * Level 2.5 Unarmed Combat
 - Level 3.0 Spellcasting
 - Level 5.0 Transmutations


You had 3 spell levels left.
You knew the following spells:

 Your Spells              Type           Power      Damage    Failure   Level
a - Beastly Appendage     Tmut           44%        N/A       3%          1
b - Wereblood             Tmut           22%        N/A       4%          2
c - Spider Form           Tmut/Pois      6%         N/A       14%         3

Your spell library contained the following spells:

 Spells                   Type           Power      Damage    Failure   Level
 Gell's Gravitas          Tloc           1%         N/A       32%         3
 Lesser Beckoning         Tloc           1%         N/A       32%         3
 Teleport Other           Tloc           2%         N/A       32%         3
 Ice Form                 Ice/Tmut       12%        N/A       36%         4
 Leda's Liquefaction      Hex/Erth       1%         N/A       65%         4
 Bolt of Magma            Conj/Fire/Erth 1%         4d4       91%         5
 Statue Form              Tmut/Erth      8%         N/A       98%         6


Dungeon Overview and Level Annotations

Branches:
Dungeon (3/15)

Altars:

Shops:
D:1 (


Message History

You kill the bat!
You see here a bat corpse.
Your transformation is almost over.
Your transformation has ended.
Your +0 robe unmelds from your body.
Found a club.
An orc comes into view. It is wielding a +0 dagger.
The orc shouts!
The orc moves out of view.
An orc comes into view. It is wielding a +0 mace.
An orc priest comes into view.
It is wielding a +0 hand axe of freezing.
The orc shouts!
You hear a shout!
An orc comes into view. It is wielding a +0 short sword.
Throw: 16 darts (poison)
Press: ? - help, Q - select action, (/) - cycle Shift-Dir - straight line, f - orc priest
Aim: an orc priest, wielding a +0 hand axe of freezing (57% to hit)
Okay, then.
The orc priest casts a cantrip, but nothing happens.
Casting: Spider Form (quite dangerous; 6% risk of failure)
Confirm with . or Enter, or press ? or * to list all spells.
The spell is quite dangerous to cast (6% risk of failure)!
Continue anyway?
You turn into a venomous arachnid creature.
Your +0 robe melds into your body.
You hit the orc.
The orc is lightly wounded.
The orc misses you.
You hit the orc.
The orc is heavily wounded.
The orc priest mumbles some strange prayers to Beogh against you.
Beogh smites you!
Ouch! That really hurt!
The orc hits you with a +0 mace.
You hit the orc.
The orc is poisoned.
The orc is almost dead.
The orc priest looks satisfied for a moment.
The orc misses you.
You kill the orc!
The orc priest calls down the wrath of Beogh upon you.
Beogh smites you!
You die... ...o ..) #. oo.

.. #o# .# #.# #
.#####.## .# ........#
#.## ..####..#
###...##
..####..#######.s....#
......†...o)oo..#....#
#.###.#.##########.#.#
#.......# .# #
#####.### # ###


You could see an orc priest and 2 orcs.

Vanquished Creatures
  Robin (D:2)
  An adder (D:3)
  A worm (D:2)
  A dart slug (D:1)
  6 orcs
  6 ball pythons
  2 endoplasms
  2 giant cockroaches
  9 goblins
  5 hobgoblins (D:2)
  2 jackals (D:2)
  6 kobolds
  2 quokkas
  3 bats
  7 frilled lizards
  5 rats
59 creatures vanquished.

Vanquished Creatures (others)
  8 plants (D:1)
8 creatures vanquished.

Grand Total: 67 creatures vanquished

Notes
Turn   | Place    | Note
-------+----------+-------------------------------------------
     0 | D:1      | walnutcon the Deep Elf Transmuter began the quest for the
                  | Orb.
     0 | D:1      | Reached XP level 1. HP: 11/11 MP: 6/6
   302 | D:1      | Reached skill level 3 in Transmutations
   303 | D:1      | Reached XP level 2. HP: 10/16 MP: 8/8
   684 | D:1      | Learned a level 2 spell: Wereblood
   844 | D:1      | Found Rieffy's Antique Weapon Shoppe.
  1218 | D:2      | Reached XP level 3. HP: 20/20 MP: 7/9
  1294 | D:2      | Reached skill level 4 in Transmutations
  1338 | D:2      | Found a faded altar of an unknown god.
  1356 | D:2      | Noticed Robin
  1379 | D:2      | Killed Robin
  1416 | D:2      | Learned a level 3 spell: Spider Form
  1800 | D:3      | Reached XP level 4. HP: 10/24 MP: 7/10
  2068 | D:3      | Reached skill level 5 in Transmutations
  2486 | D:3      | Killed from afar by an orc priest

Illustrated notes

Levels and vault maps discovered:
D:1:      dpeg_arrival_rhombus, layout_loops_cross, serial_shops,
          nicolae_shop_crystal, minmay_lizard_king
D:2:      layout_rooms, serial_glass, glass_columns_a, glass_columns_a,
          glass_columns_a, glass_columns_b, glass_columns_c, glass_columns_c,
          chequers_ecumenical_altar_simple_redux, corexii_hall_statues_u,
          minmay_ruptured, uniq_robin
D:3:      layout_loops_ring, uniq_ijyb, uniq_crazy_yiuf_cottage

Skill      XL: |  1  2  3  4 |
---------------+-------------+-----
Transmutations | 3 4 5 |  5.0
Fighting       | |  0.7
Dodging        | |  2.4
Unarmed Combat | |  2.5
Spellcasting   | |  3.0

Action                   |  1- 3 |  4- 6 || total
-------------------------+-------+-------++-------
Melee: Unarmed           |   101 |    29 ||   130
       Kick              |    23 |     2 ||    25
       Headbutt          |    11 |       ||    11
       Punch             |     1 |       ||     1
Throw: Dart              |    15 |       ||    15
 Cast: Beastly Appendage |    20 |     4 ||    24
       Wereblood         |     2 |       ||     2
       Spider Form       |     1 |     4 ||     5
  Use: Scroll            |     3 |       ||     3
 Stab: Sleeping          |       |     1 ||     1
Armor: Robe              |    17 |       ||    17
       Skin              |       |     1 ||     1
Dodge: Dodged            |    57 |    24 ||    81
